[Event "Late-Titled-Tuesday-Blitz-May-28-2024"]
[Site "Chess.com"]
[Date "2024.05.28"]
[Round "1"]
[White "Tol_Tol"]
[Black "Thjop"]
[Result "0-1"]
[WhiteElo "2352"]
[BlackElo "2642"]
[TimeControl "180+1"]
[EndTime "14:07:23 PDT"]
[Termination "Thjop won on time"]

1. d4 Nf6 2. c4 g6 3. Nc3 Bg7 4. e4 d6 5. f3 O-O 6. Be3 Nc6 7. Bd3 e5 8. d5 Nd4 9. Nge2 Nh5 10. O-O c5 11. dxc6 bxc6 12. b4 Be6 13. b5 c5 14. Nd5 f5 15. a4 Nf6 16. a5 Nxd5 17.
exd5 Bd7 18. Nxd4 cxd4 19. Bd2 Re8 20. Re1 Qc7 21. a6 e4 22. fxe4 fxe4 23. Bxe4 Qxc4 24. Rc1 Qxb5 25. Rc7 Re7 26. Bd3 Rxe1+ 27. Qxe1 Qxd3 28.
Rxd7 Rf8 29. h3 Qf5 30. Qe6+ Qxe6 31. dxe6 Ra8 32. Bb4 Re8 33. e7 d3 0-1

[Event "Late-Titled-Tuesday-Blitz-May-28-2024"]
[Site "Chess.com"]
[Date "2024.05.28"]
[Round "1"]
[White "ValeriyGrinev"]
[Black "N_I_Chess"]
[Result "1-0"]
[WhiteElo "2590"]
[BlackElo "2272"]
[TimeControl "180+1"]
[EndTime "14:07:23 PDT"]
[Termination "ValeriyGrinev won by resignation"]

1. d4 Nf6 2. c4 e6 3. Nf3 Bb4+ 4. Nbd2 O-O 5. g3 d5 6. Qc2 b6 7. Bg2 Bb7 8. O-O Nbd7 9. a3 Bd6 10. b4 c5 11.
bxc5 bxc5 12. Rb1 Rb8 13. Bb2 Qc7 14. Rfc1 Rfc8 15. Ba1 Qa5 16. Bc3 Qd8 17. Qa2 Ba6 18. Rxb8 Rxb8 19. e3 h6 20. Ba1 Qe7 21. cxd5 Nxd5 22.
Ne4 c4 23. Nxd6 Qxd6 24. Bf1 N7b6 25. Ne5 Rc8 26. e4 Nf6 27. f3 Nfd7 28. Nxd7 Qxd7 29. Bc3 Qa4 30. Rb1 Bb5 31. Rb4 Qa6 32. Kg2 Na4 33. Qc2 Nxc3 34. Qxc3 Qa5 35. Be2 a6 36. d5 exd5 37.
exd5 Qd8 38. Qd4 Qd7 39. Bxc4 Bxc4 40. Rxc4 Rb8 41. d6 f6 42. Rc7 Qe6 43. d7 Rd8 44. Rc8 Qe7 45. Qc4+ Kf8 46. Qc7 Qe2+ 47. Kh3 Qe6+ 48. g4 Qe7 49. Qxd8+ Kf7 50. Qxe7+ 1-0

[Event "Late-Titled-Tuesday-Blitz-May-28-2024"]
[Site "Chess.com"]
[Date "2024.05.28"]
[Round "1"]
[White "GoValya"]
[Black "HowTo2Draw"]
[Result "0-1"]
[WhiteElo "2217"]
[BlackElo "2571"]
[TimeControl "180+1"]
[EndTime "14:07:23 PDT"]
[Termination "HowTo2Draw won by resignation"]

1. Nf3 c5 2. g3 g6 3. Bg2 Bg7 4. d3 Nc6 5. O-O d5 6. Nbd2 Nf6 7. e4 O-O 8. exd5 Nxd5 9. Ne4 b6 10. Rb1 Bb7 11.
Bd2 h6 12. Qc1 Kh7 13. h4 Rc8 14. a3 Nd4 15. Nxd4 cxd4 16. Re1 f5 17. Bxh6 Bxh6 18.
Ng5+ Bxg5 19. Qxg5 e6 20. Rxe6 Qxg5 21. hxg5 Rf7 22.
Rd6 Rc5 23. b4 Rb5 24. Re1 Nc3 25. Ree6 Bxg2 26. Rxg6 Bd5 27. Rh6+ Kg8 28. g6 Rf8 29. Rh7 Re8 30. Kf1 Be6 31. Rc6 Rd5 32. Rcc7 Rd7 33. Rcxd7 Bxd7 34. Rxd7 Nb5 35. Kg2 Nxa3 36. Kf3 Nxc2 37.
Kf4 Nxb4 38. Kg5 Nc6 39. Kf6 Rf8+ 40. Kg5 Ne5 41. Kh6 Nxd7 0-1

[Event "Late-Titled-Tuesday-Blitz-May-28-2024"]
[Site "Chess.com"]
[Date "2024.05.28"]
[Round "1"]
[White "NikitaShnadrygin"]
[Black "Kielinkei"]
[Result "1-0"]
[WhiteElo "2752"]
[BlackElo "2435"]
[TimeControl "180+1"]
[EndTime "14:07:24 PDT"]
[Termination "NikitaShnadrygin won by resignation"]

1. e4 c5 2. b4 cxb4 3. a3 d5 4.
exd5 Qxd5 5. Nf3 e6 6. axb4 Bxb4 7. c3 Be7 8. d4 Nf6 9. Bd3 O-O 10. O-O Nc6 11.
Na3 b6 12. Nb5 Qd8 13. Qe2 Bb7 14. Re1 a6 15. Na3 g6 16. Ng5 b5 17. Nc2 Bd6 18.
Bd2 Ne7 19. Nf3 Ned5 20. Ne5 Rc8 21. c4 bxc4 22. Bxc4 Qc7 23. Ba5 Qe7 24. Ne3 Nf4 25. Qf1 N6d5 26. Bxa6 Bxa6 27. Qxa6 Ra8 28. Qf1 Rfc8 29.
N3c4 Bb4 30. Bxb4 Nxb4 31. Rxa8 Rxa8 32. Rb1 Nbd5 33. g3 Nh5 34. Nc6 Qc7 35. N6e5 Nhf6 36.
Qe2 Rc8 37. Qf3 Nd7 38. Qxf7+ Kh8 39. Qxe6 Nxe5 40. Nxe5 Nc3 41. Re1 Qg7 42. Nf7+ Kg8 43. Nd6+ 1-0

[Event "Late-Titled-Tuesday-Blitz-May-28-2024"]
[Site "Chess.com"]
[Date "2024.05.28"]
[Round "1"]
[White "sergiochess83"]
[Black "McCarthyStone"]
[Result "1-0"]
[WhiteElo "2884"]
[BlackElo "2483"]
[TimeControl "180+1"]
[EndTime "14:07:26 PDT"]
[Termination "sergiochess83 won on time"]

1. d4 d6 2. e4 Nf6 3. Nc3 e5 4. Nf3 exd4 5. Nxd4 g6 6. Bf4 Bg7 7. Qd2 Nc6 8. Nb3 a5 9. a4 O-O 10. O-O-O Re8 11. f3 Be6 12. Kb1 Nb4 13. Nd4 Bd7 14.
Bh6 Bh8 15. Bc4 c6 16. Bb3 b5 17. axb5 a4 18. Nxa4 c5 19. Nf5 Bxb5 20. Nxd6 c4 21.
Qxb4 cxb3 22. Nxb5 bxc2+ 23. Kxc2 Qc8+ 24. Nac3 Re5 25. Bf4 Rc5 26. Rd8+ Qxd8 27. Qxc5 Rc8 28. Qb4 Qb6 29.
Rd1 Nh5 30. Bc1 Bg7 31. Kb1 Bf8 32. Qd4 Qa5 33. Qa4 Qb6 34. Nd5 Qf2 35. g4 Ng7 36. Qb3 1-0

[Event "Late-Titled-Tuesday-Blitz-May-28-2024"]
[Site "Chess.com"]
[Date "2024.05.28"]
[Round "1"]
[White "carloseduar100"]
[Black "subham777"]
[Result "1-0"]
[WhiteElo "2295"]
[BlackElo "2581"]
[TimeControl "180+1"]
[EndTime "14:07:26 PDT"]
[Termination "carloseduar100 won by resignation"]

1. d4 d5 2. c3 Nf6 3. Bg5 e6 4. Nd2 Be7 5. e3 O-O 6. Bd3 b6 7. f4 Bb7 8. Ngf3 c5 9. Ne5 Ne4 10. Bxe7 Qxe7 11. O-O f6 12. Nef3 Nd7 13. Rc1 Rac8 14.
Bb1 Rfd8 15. Qe2 a6 16. g4 b5 17. g5 f5 18. h4 b4 19. cxb4 cxb4 20. Kg2 Nb6 21.
Bxe4 dxe4 22. Ne5 Na4 23. Ndc4 Bd5 24. Qc2 Nb6 25. b3 a5 26. Kg3 Qe8 27. Qe2 Qb5 28.
Rc2 a4 29. Rfc1 axb3 30. axb3 Qa6 31. Qh5 Rf8 32. Nxb6 Rxc2 33. Rxc2 Bxb3 34. Nbd7 Qf1 35. Nxf8 Qg1+ 36. Rg2 Qxe3+ 37. Kh2 Qxf4+ 38. Kh3 Qxe5 39. dxe5 Kxf8 40. Qxh7 e3 41. Qh8+ Kf7 42. g6+ Ke7 43. Qxg7+ Kd8 44. Qa7 Bd5 45. g7 1-0

[Event "Late-Titled-Tuesday-Blitz-May-28-2024"]
[Site "Chess.com"]
[Date "2024.05.28"]
[Round "1"]
[White "ChadBiryani"]
[Black "boguszp"]
[Result "1-0"]
[WhiteElo "2545"]
[BlackElo "2017"]
[TimeControl "180+1"]
[EndTime "14:07:27 PDT"]
[Termination "ChadBiryani won on time"]

1. c4 c6 2. d4 d5 3. cxd5 cxd5 4. Nc3 Nc6 5. Bf4 Nf6 6. e3 a6 7. Be2 e6 8. Nf3 Bd6 9. Ne5 O-O 10. Nxc6 bxc6 11. Bxd6 Qxd6 12. Na4 Qb4+ 13. Kf1 Nd7 14. a3 Qd6 15. Rc1 a5 16. Qc2 Ba6 17. g3 Rfc8 18. Nc5 Nxc5 19. Qxc5 Qxc5 20. Rxc5 Bxe2+ 21. Kxe2 a4 22. Rhc1 Ra6 23. f3 Kf8 24. e4 Ke7 25. exd5 exd5 26. Rxd5 cxd5 27. Rxc8 Rb6 28. Rc2 Rb3 29. f4 Ke6 30. Kd2 Kf5 31. Kc1 Ke4 32. Rc7 Kxd4 33.
Rxf7 Rf3 34. Rxg7 Kd3 35. Kb1 Rf1+ 36. Ka2 d4 37. Rxh7 Kc2 38. Rc7+ Kd2 39. h4 Rg1 40. Rg7 d3 41. h5 Ke3 42. Re7+ Kf3 43. f5 d2 44. Rd7 d1=Q 45. Rxd1 Rxd1 46. h6 Rd6 47. h7 Rh6 48. b3 axb3+ 49. Kxb3 Rxh7 50. a4 Kxg3 51. Kc4 Kf4 52. a5 Rb7 53. a6 Rb1 54. f6 Rb6 55. f7 Rf6 56. a7 1-0

[Event "Late-Titled-Tuesday-Blitz-May-28-2024"]
[Site "Chess.com"]
[Date "2024.05.28"]
[Round "1"]
[White "Iball95"]
[Black "Engima32"]
[Result "1-0"]
[WhiteElo "2855"]
[BlackElo "2472"]
[TimeControl "180+1"]
[EndTime "14:07:28 PDT"]
[Termination "Iball95 won by resignation"]

1. e4 c5 2. Nf3 d6 3. Nc3 Nf6 4.
d4 cxd4 5. Qxd4 Nc6 6. Bb5 Bd7 7.
Bxc6 Bxc6 8. Bg5 e6 9. O-O-O Be7 10. Rhe1 O-O 11. e5 dxe5 12. Nxe5 Qxd4 13. Rxd4 Rac8 14. Nxc6 Rxc6 15. Ne4 Rfc8 16. Re2 Nd5 17. Bxe7 Nxe7 18. Rd7 R6c7 19. Red2 Nc6 20. Nc5 b6 21. Na6 Rxd7 22. Rxd7 Kf8 23. a3 Ke8 24. Rb7 h5 25. Nb4 a5 26.
Nxc6 Rxc6 27. Kd2 g5 28. b3 Kf8 29. Kd3 Kg7 30. c4 e5 31. b4 axb4 32. axb4 Kf6 33.
f3 Ke6 34. Kc3 f6 35. b5 Rd6 36. Rc7 g4 37. c5 bxc5 38. Rxc5 gxf3 39. gxf3 Kf5 40.
Rc4 Rd1 41. b6 Rc1+ 42. Kb4 Rb1+ 43. Kc5 Rb2 44. Rb4 Rc2+ 45. Kd6 Rd2+ 46. Ke7 Rg2 47. b7 Rg8 48. Kd6 Kg5 49. b8=Q Rxb8 50. Rxb8 Kf4 51.
Rf8 f5 52. Ke6 Kxf3 53. Kxe5 h4 54. Kxf5 Kg2 55. Kg4 h3 56. Ra8 Kxh2 57. Ra2+ 1-0

[Event "Late-Titled-Tuesday-Blitz-May-28-2024"]
[Site "Chess.com"]
[Date "2024.05.28"]
[Round "1"]
[White "Jarming"]
[Black "ChessGiantYouTube"]
[Result "0-1"]
[WhiteElo "2653"]
[BlackElo "2395"]
[TimeControl "180+1"]
[EndTime "14:07:31 PDT"]
[Termination "ChessGiantYouTube won by resignation"]

1. d4 g6 2. Bf4 Bg7 3. Nc3 d6 4. e4 e6 5. Qd2 h6 6. h4 Ne7 7. Nf3 b6 8. Bb5+ Nd7 9. a4 a6 10. Bc4 Bb7 11. Nh2 Nc6 12. d5 Nce5 13. Bb3 Nc5 14. Ba2 a5 15. dxe6 fxe6 16. Be3 Qe7 17.
Bd4 O-O 18. Qe2 Kh7 19. h5 g5 20. O-O-O Bc6 21. b3 Rf7 22. f3 Raf8 23. Bb1 d5 24.
exd5 exd5 25. Rhe1 Re8 26. Qf2 Qd6 27. Nf1 Ne6 28. Nb5 Bxb5 29. axb5 Qa3+ 30. Bb2 Qxb2+ 31.
Kxb2 Nd3+ 32. Ka2 Nxf2 33. Rxd5 Nf4 34. c4+ N4d3 35. Rxd3 Rxe1 36. Rd1+ Re4 37. Ng3 Nxd1 38. Nxe4 Kh8 39. Bc2 Ne3 40. Bd3 Nxg2 41. c5 Nf4 42. Bc4 Re7 43. cxb6 cxb6 44. b4 axb4 45. Kb3 Bc3 46.
Nd6 Bg7 47. Nc8 Re3+ 48. Kxb4 Bd4 49. Bf7 Bc5+ 50. Kc4 Rxf3 51. Na7 Rh3 52. Nc6 Nxh5 53. Be6 Rh4+ 54. Kd5 Nf4+ 55. Ke5 Nxe6 56. Kxe6 g4 0-1

[Event "Late-Titled-Tuesday-Blitz-May-28-2024"]
[Site "Chess.com"]
[Date "2024.05.28"]
[Round "1"]
[White "Abund"]
[Black "MaiqMaster"]
[Result "1-0"]
[WhiteElo "2810"]
[BlackElo "2456"]
[TimeControl "180+1"]
[EndTime "14:07:32 PDT"]
[Termination "Abund won by checkmate"]

1. e4 c5 2. Nf3 e6 3. c3 Nf6 4. e5 Nd5 5. g3 d6 6. exd6 Bxd6 7. Bg2 O-O 8. O-O Nc6 9. d4 cxd4 10. Nxd4 Nxd4 11. Qxd4 Qc7 12. c4 Nf6 13. Nc3 Bd7 14. Nb5 Bxb5 15. cxb5 Rfd8 16. Qe3 Rac8 17. Qxa7 Bc5 18.
Qxb7 Bxf2+ 19. Rxf2 Rd1+ 20. Rf1 Qc5+ 21. Kh1 Ng4 22.
Be3 Rxf1+ 23. Rxf1 Nxe3 24. Qxf7+ Kh8 25. Qf2 Nxf1 26.
Qxc5 Rxc5 27. Bxf1 Rc1 28. Kg1 Rb1 29. b3 e5 30. b6 Rd1 31. b7 Rd8 32. a4 Rb8 33. Bg2 Kg8 34. a5 Kf8 35. a6 Rd8 36. a7 Rd1+ 37. Bf1 Kf7 38. b8=Q Rd7 39. a8=Q Re7 40. Qg8+ Kf6 41. Qf3+ Kg6 42. Qg4+ Kh6 43. Qh4+ Kg6 44. Qxe7 h5 45. Qge6+ Kh7 46. Bd3+ e4 47. Bxe4+ Kh8 48. Qf8# 1-0

[Event "Late-Titled-Tuesday-Blitz-May-28-2024"]
[Site "Chess.com"]
[Date "2024.05.28"]
[Round "1"]
[White "emeli_chess"]
[Black "kemelgallo"]
[Result "1-0"]
[WhiteElo "2431"]
[BlackElo "2699"]
[TimeControl "180+1"]
[EndTime "14:07:33 PDT"]
[Termination "emeli_chess won on time"]

1. d4 d5 2. c4 e6 3. Nc3 Nf6 4. cxd5 exd5 5. Bg5 c6 6. Qc2 Be7 7. e3 h6 8. Bh4 O-O 9. Bd3 Re8 10. Nge2 Nbd7 11. O-O b5 12. Rae1 a5 13. f3 Nb6 14.
e4 b4 15. Na4 Nxa4 16. Qxa4 dxe4 17. fxe4 c5 18. Bb5 Rf8 19. e5 Ng4 20. Bxe7 Qxe7 21. h3 Ne3 22. Rf3 cxd4 23. Nxd4 Nd5 24. Bc6 Nb6 25. Qb5 Rb8 26. Qxa5 Nc4 27. Qd5 Nb6 28. Qd6 Qa7 29. Kh1 Nc4 30. Qd5 Nxb2 31. e6 Ba6 32.
exf7+ Kh8 33. Be8 Nd3 34. Ref1 Nc5 35. Nf5 Bxf1 36. Rxf1 Qb6 37. Nxg7 Kxg7 38. Qd4+ Kh7 39. Rf6 1-0

[Event "Late-Titled-Tuesday-Blitz-May-28-2024"]
[Site "Chess.com"]
[Date "2024.05.28"]
[Round "1"]
[White "NCchamp"]
[Black "ncofre98"]
[Result "1-0"]
[WhiteElo "2359"]
[BlackElo "2610"]
[TimeControl "180+1"]
[EndTime "14:07:34 PDT"]
[Termination "NCchamp won on time"]

1. d4 Nf6 2. Bg5 e6 3. e4 h6 4. Bxf6 Qxf6 5. c3 d6 6. Bd3 Nd7 7.
Nd2 b6 8. Ne2 Bb7 9. O-O a6 10.
f4 Qe7 11. Nf3 g6 12. e5 Bxf3 13. Rxf3 d5 14. a4 c5 15. Qe1 Qd8 16. Qf2 c4 17. Bc2 h5 18. h3 h4 19. Kh2 Be7 20. Qf1 b5 21. Rf2 Kf8 22. Ng1 Kg7 23. Nf3 Qb6 24. Bb1 b4 25. Ng5 a5 26. Nf3 Rab8 27. Ng1 Qc6 28. f5 exf5 29. Bxf5 gxf5 30. Rxf5 Qg6 31.
Ne2 Nf8 32. Qf3 Ne6 33. Rf1 Ng5 34. Qf4 bxc3 35. Nxc3 Rxb2 36. Nxd5 Rf8 37. Nf6 Nxh3 38. Qe4 Qg3+ 39. Kh1 Ng5 40. Nh5+ Kh6 41. Nxg3 Nxe4 42. Nxe4 c3 43. Nxc3 1-0

[Event "Late-Titled-Tuesday-Blitz-May-28-2024"]
[Site "Chess.com"]
[Date "2024.05.28"]
[Round "1"]
[White "guineo59"]
[Black "KingCyber19"]
[Result "0-1"]
[WhiteElo "2334"]
[BlackElo "2621"]
[TimeControl "180+1"]
[EndTime "14:07:34 PDT"]
[Termination "KingCyber19 won on time"]

1. d4 d5 2. Nf3 Nf6 3. e3 c5 4. c3 e6 5. Nbd2 Nc6 6. Bd3 Bd6 7. O-O O-O 8. dxc5 Bxc5 9. e4 h6 10. Qe2 Qc7 11. a3 b6 12. b4 Bd6 13. Bb2 Ne5 14.
Nxe5 Bxe5 15. Nf3 Bb7 16. exd5 Bxc3 17. Rac1 Nxd5 18. Qe4 g6 19. Qh4 Kh7 20. Ng5+ Kg7 21. Rxc3 Nxc3 22. Qd4+ e5 23. Qxc3 Qxc3 24. Bxc3 hxg5 25.
Bxe5+ f6 26. Bg3 Rfd8 27. Bc4 Rac8 28. Be6 Rc3 29. a4 Rd4 30. b5 Rxa4 31. Rd1 Rd4 32. Ra1 Rcd3 33. Kf1 Rd1+ 34. Rxd1 Rxd1+ 35. Ke2 Rb1 36.
Bd7 Bxg2 37. Bb8 Bf1+ 38. Ke3 Bxb5 0-1

[Event "Late-Titled-Tuesday-Blitz-May-28-2024"]
[Site "Chess.com"]
[Date "2024.05.28"]
[Round "1"]
[White "Tibmat"]
[Black "Timurist"]
[Result "1-0"]
[WhiteElo "2683"]
[BlackElo "2397"]
[TimeControl "180+1"]
[EndTime "14:07:37 PDT"]
[Termination "Tibmat won on time"]

1. c4 c5 2. g3 Nc6 3. Bg2 g6 4. Nc3 Bg7 5. a3 Nf6 6. Rb1 O-O 7. Nh3 a6 8. b4 cxb4 9. axb4 Qc7 10. O-O Rb8 11.
b5 axb5 12. Nxb5 Qd8 13. Nf4 d6 14. d3 Bd7 15. Bb2 Re8 16. Qd2 Qa5 17. Qxa5 Nxa5 18.
Ra1 Nb3 19. Ra3 Bxb5 20. cxb5 Nc5 21. Rc1 Rec8 22. Ra7 Kf8 23. d4 Nce4 24. Rxc8+ Rxc8 25. Rxb7 e5 26. dxe5 dxe5 27. Bxe4 Nxe4 28. Nd3 Rc2 29. Bxe5 Bxe5 30. Nxe5 Rxe2 31. Rxf7+ Kg8 32. b6 Rb2 33. b7 Nd6 34. Rd7 Nxb7 35. Ng4 Rb6 36.
Nh6+ Kh8 37. h4 Nc5 38. Rc7 Ne6 39. Re7 Nc5 40. Kg2 Rb7 41. Re8+ Kg7 42. Ng4 Nd7 43. Re7+ Kf8 44. Rxh7 Kg8 45. Rxd7 Rxd7 46. Nf6+ 1-0

[Event "Late-Titled-Tuesday-Blitz-May-28-2024"]
[Site "Chess.com"]
[Date "2024.05.28"]
[Round "1"]
[White "ckgchess"]
[Black "Flaccidmoves"]
[Result "1-0"]
[WhiteElo "2881"]
[BlackElo "2481"]
[TimeControl "180+1"]
[EndTime "14:07:39 PDT"]
[Termination "ckgchess won by resignation"]

1. e4 g6 2. d4 Bg7 3. Nc3 d6 4. Be3 a6 5. h4 h5 6. Qd2 b5 7. O-O-O Bb7 8. f3 Nf6 9. Nh3 Nbd7 10. Ng5 Rc8 11. e5 b4 12. e6 O-O 13. Ne2 Nb6 14. exf7+ Rxf7 15. Nxf7 Kxf7 16. Nf4 Nbd5 17. Bc4 e6 18.
Nxd5 Nxd5 19. Bg5 Qe8 20. Rhe1 Qa4 21. Bb3 Qb5 22. Qe2 Re8 23. Qxb5 axb5 24. Rd2 c5 25. dxc5 dxc5 26. Bxd5 Bxd5 27. Be3 c4 28. Bd4 Bh6 29. f4 Ra8 30. Kb1 c3 31. bxc3 bxc3 32. Bxc3 Bxa2+ 33. Kb2 Bd5 34. Ra1 Rxa1 35. Kxa1 Bf8 36. Be5 Bc5 37.
Kb2 Ke8 38. g3 Kd7 39. Bd4 Bd6 40. Rd1 Bb8 41. Ra1 Kc8 42. Be5 Bxe5+ 43. fxe5 Kb7 44. Kc3 Kb6 45. Kd4 b4 46. Rf1 Ba2 47. Rf6 Bb1 48.
Rxe6+ Kb5 49. Rxg6 Bxc2 50. Rg8 Bf5 51. Rb8+ Ka4 52. Kc5 1-0

[Event "Late-Titled-Tuesday-Blitz-May-28-2024"]
[Site "Chess.com"]
[Date "2024.05.28"]
[Round "1"]
[White "Polish_fighter3000"]
[Black "SharathRk6"]
[Result "1-0"]
[WhiteElo "3118"]
[BlackElo "2535"]
[TimeControl "180+1"]
[EndTime "14:07:40 PDT"]
[Termination "Polish_fighter3000 won by resignation"]

1. b3 Nf6 2. Bb2 g6 3. Bxf6 exf6 4. g3 Bg7 5. Bg2 f5 6. d4 O-O 7. e3 d5 8. Ne2 c6 9. O-O Nd7 10. c4 Nf6 11. Nbc3 Be6 12. cxd5 cxd5 13. Qc1 Ne4 14. Qa3 Rc8 15. Nxe4 dxe4 16. Qxa7 Bd5 17. Nf4 Qd7 18. Nxd5 Qxd5 19. Rfc1 Rfd8 20. Bf1 Bf8 21. Qb6 Ba3 22. Rc4 h5 23. Ra4 Bb2 24. Bc4 Qc6 25. Qxc6 Rxc6 26. Rb1 Bc3 27. Ra7 Rc7 28. h4 Kf8 29. a3 Rdc8 30. Kf1 Ke7 31. Ke2 b6 32.
Rxc7+ Rxc7 33. Kd1 Kd6 34. Bb5 f6 35. b4 g5 36. Rb3 f4 37. gxf4 gxf4 38. Be8 fxe3 39. fxe3 f5 40. Bxh5 f4 41. exf4 Bxd4 42. Bg6 e3 43. h5 Kd5 44. h6 Kc4 45. Rb1 Re7 46. Ke2 Re6 47. Bf7 1-0

[Event "Late-Titled-Tuesday-Blitz-May-28-2024"]
[Site "Chess.com"]
[Date "2024.05.28"]
[Round "1"]
[White "Mariia89"]
[Black "DirtyKabab"]
[Result "0-1"]
[WhiteElo "2209"]
[BlackElo "2567"]
[TimeControl "180+1"]
[EndTime "14:07:40 PDT"]
[Termination "DirtyKabab won on time"]

1. d4 Nf6 2. Nf3 e6 3. Bg5 c5 4. e3 cxd4 5. exd4 Be7 6. Bd3 d6 7. c3 Nbd7 8. Nbd2 b6 9. O-O Bb7 10. Qe2 a6 11. Rfe1 O-O 12. h3 Re8 13. Nf1 b5 14.
Ng3 Qc7 15. Rac1 Bf8 16. Bb1 Bd5 17. Qd3 Qb7 18. b3 Bxf3 19. gxf3 g6 20. h4 Bg7 21. h5 Qd5 22. f4 Nf8 23. c4 bxc4 24. bxc4 Qa5 25. hxg6 hxg6 26. d5 exd5 27. f5 Rxe1+ 28. Rxe1 Qxe1+ 29. Kg2 Re8 30. fxg6 Nxg6 31. Qf3 Ne4 32.
Bd3 Nxg3 33. Qxg3 dxc4 34. Bxg6 fxg6 35. Be3 Qb1 36. Qxd6 Qe4+ 37. Kg1 Qe6 38. Qd2 Be5 39. Qc2 Qf7 40. Kg2 Kg7 41. Qa4 Qe6 0-1

[Event "Late-Titled-Tuesday-Blitz-May-28-2024"]
[Site "Chess.com"]
[Date "2024.05.28"]
[Round "1"]
[White "Grebnev_A"]
[Black "jcmesafischer"]
[Result "1-0"]
[WhiteElo "2617"]
[BlackElo "2332"]
[TimeControl "180+1"]
[EndTime "14:07:41 PDT"]
[Termination "Grebnev_A won by checkmate"]

1. Nf3 d5 2. e3 Nf6 3. c4 e6 4. Nc3 c5 5. cxd5 exd5 6. d4 Nc6 7. Bb5 a6 8. Bxc6+ bxc6 9. O-O Bd6 10. dxc5 Bxc5 11.
b3 O-O 12. Bb2 Qe7 13. Qc2 Bg4 14. Na4 Ba3 15. Bxa3 Qxa3 16. Ne5 Rac8 17. h3 Be6 18. Qc5 Qxc5 19. Nxc5 a5 20. Rac1 Rfe8 21. Nf3 Ne4 22. Nd4 Nxc5 23. Rxc5 Bd7 24. Rfc1 a4 25. bxa4 Ra8 26. a5 Ra6 27. Kf1 Rea8 28. Nxc6 Kf8 29.
Ne5 Be6 30. Nc6 Bd7 31. Nd4 Rxa5 32. Rxa5 Rxa5 33. Rc2 Ke7 34. Ke2 Kd6 35. Kd2 Ra3 36. Kc1 g5 37. Kb2 Rd3 38. Nf3 h6 39. Rd2 Bb5 40. Rxd3 Bxd3 41. Nd2 f5 42. Kc3 Be2 43. Kd4 Bd1 44. g3 h5 45. h4 gxh4 46. gxh4 Bc2 47. f4 Bd1 48. Nb1 Ba4 49. Nc3 Bc6 50. a4 Bd7 51.
Nb5+ Kc6 52. Ke5 Kc5 53. Nd4 Bxa4 54. Nxf5 Kc4 55. Ng7 Kd3 56. f5 Kxe3 57. f6 d4 58. f7 d3 59. f8=Q d2 60. Qf4+ Ke2 61. Qxa4 d1=Q 62. Qxd1+ Kxd1 63. Nxh5 Ke2 64. Nf6 Kf2 65. h5 Kg3 66. h6 Kh4 67. h7 Kg5 68. h8=Q Kg6 69.
Qh7+ Kg5 70. Qh5# 1-0

[Event "Late-Titled-Tuesday-Blitz-May-28-2024"]
[Site "Chess.com"]
[Date "2024.05.28"]
[Round "1"]
[White "ansko1999"]
[Black "KatakuriDono"]
[Result "0-1"]
[WhiteElo "2576"]
[BlackElo "2290"]
[TimeControl "180+1"]
[EndTime "14:07:42 PDT"]
[Termination "KatakuriDono won by checkmate"]

1. Nf3 d5 2. d4 Nf6 3. Bg5 e6 4.
Nbd2 Be7 5. Bxf6 Bxf6 6. e4 dxe4 7. Nxe4 Be7 8. Bd3 Nd7 9. h4 Nf6 10. Neg5 h6 11. Nxf7 Kxf7 12. Ne5+ Kg8 13. Ng6 b6 14.
Qf3 Rb8 15. O-O-O Bb7 16. Qe2 Qd6 17. Rhe1 Kf7 18. Ne5+ Kg8 19. Ng6 Kf7 20. Nxh8+ Rxh8 21. g3 Re8 22. Kb1 Bf8 23. f4 Re7 24. Rf1 Kg8 25. g4 Nd5 26. Qd2 Nb4 27. Bg6 Rd7 28. c3 Nd5 29. g5 e5 30. f5 exd4 31. cxd4 Nb4 32. a3 Be4+ 33. Ka1 Nc2+ 34. Ka2 Qd5+ 35. b3 Nxd4 36.
gxh6 Qxb3+ 37. Ka1 Nc2+ 38. Qxc2 Qxc2 39. Rxd7 Qc3+ 40. Ka2 Qc4+ 41. Kb2 Qxf1 42. h7+ Kh8 43. Rd8 Qe2+ 44. Kc1 Qe3+ 45. Kb2 Qf2+ 46. Kb3 Qc2# 0-1

[Event "Late-Titled-Tuesday-Blitz-May-28-2024"]
[Site "Chess.com"]
[Date "2024.05.28"]
[Round "1"]
[White "GlavkonVVS"]
[Black "KebabJangles"]
[Result "0-1"]
[WhiteElo "2573"]
[BlackElo "2280"]
[TimeControl "180+1"]
[EndTime "14:07:42 PDT"]
[Termination "KebabJangles won by resignation"]

1. c4 Nf6 2. Nc3 g6 3. d4 Bg7 4.
Nf3 d6 5. Bg5 h6 6. Bh4 O-O 7.
e3 c5 8. d5 g5 9. Bg3 Bf5 10.
Bd3 Bxd3 11. Qxd3 Nh5 12. O-O Nd7 13. Qf5 Nxg3 14. fxg3 Nf6 15. Rf2 Qd7 16. Qxd7 Nxd7 17. Raf1 Ne5 18. Nxe5 Bxe5 19. Nd1 a6 20. g4 b5 21. Rc2 Rae8 22. Nf2 Rb8 23. b3 b4 24. Nd3 Bc3 25. g3 a5 26. a4 e6 27. e4 Bd4+ 28.
Kg2 Rbe8 29. Re1 Bc3 30. Ree2 Re7 31. e5 dxe5 32. dxe6 Bd4 33. exf7+ Rfxf7 34. Re4 Re6 35. Rce2 Rfe7 36. Ne1 Bc3 37. Nf3 Kg7 38. h4 Kf6 39.
Rf2 Kg6 40. Kf1 Rd6 41. Rfe2 Rde6 42. Kg2 Re8 43. Ng1 Rd6 44. Nh3 Rd4 45. h5+ Kg7 46. Ng1 Rd7 47. Nf3 Rde7 48. Kf2 Rf8 49. Ke3 Rfe8 50. Kd3 Rd8+ 51. Kc2 Rde8 52. Ng1 Rf7 53.
R4e3 Bd4 54. Nf3 Bxe3 55. Rxe3 e4 56. Nd2 Rf2 57. Kd1 Rd8 58. Ke1 Rfxd2 59. Rxe4 R2d7 60.
Re6 Rf8 61. Ke2 Rff7 62. Rg6+ Kh7 63. Rc6 Rfe7+ 64. Kf2 Rd2+ 65. Kf1 Rd3 66. Rxc5 Rxb3 67. Rxa5 Rxg3 68. Rb5 Rxg4 69. c5 Rc4 70. a5 Ra7 71.
Ke2 Rc3 72. Kd2 g4 73. Rxb4 Rxc5 74. Rxg4 Raxa5 0-1

[Event "Late-Titled-Tuesday-Blitz-May-28-2024"]
[Site "Chess.com"]
[Date "2024.05.28"]
[Round "1"]
[White "artin10862"]
[Black "cristianserban1"]
[Result "1-0"]
[WhiteElo "3028"]
[BlackElo "2523"]
[TimeControl "180+1"]
[EndTime "14:07:43 PDT"]
[Termination "artin10862 won on time"]

1. c4 Nf6 2. Nc3 e5 3. Nf3 Nc6 4. e3 Bb4 5. Qc2 Bxc3 6. Qxc3 Qe7 7. a3 O-O 8. b4 d5 9. cxd5 Nxd5 10. Qb3 Nb6 11. d3 Be6 12. Qc2 f6 13. Be2 Rfd8 14. O-O a6 15. Bb2 Rac8 16. Rac1 Qf7 17. Nd2 Ne7 18. Ne4 Bb3 19. Qb1 Na4 20. Ba1 Ba2 21. Qc2 Bb3 22. Qd2 Nd5 23. Bf3 Ndb6 24. Qe2 Bd5 25.
Rc2 Bb3 26. Rd2 Bd5 27. Rc1 c6 28. Qd1 Ra8 29. d4 Bb3 30. Qe1 exd4 31. Bxd4 Nc4 32. Rd3 Ne5 33. Rd2 Nxf3+ 34. gxf3 Bd5 35. Qe2 Qg6+ 36. Ng3 h5 37. h4 Re8 38. Kh2 Qf7 39.
f4 Rad8 40. f5 Re7 41. Nxh5 Be4 42. Ng3 1-0

[Event "Late-Titled-Tuesday-Blitz-May-28-2024"]
[Site "Chess.com"]
[Date "2024.05.28"]
[Round "1"]
[White "CheckBits"]
[Black "Stanbad1"]
[Result "0-1"]
[WhiteElo "2378"]
[BlackElo "2667"]
[TimeControl "180+1"]
[EndTime "14:07:43 PDT"]
[Termination "Stanbad1 won on time"]

1. e4 e6 2. d4 d5 3. e5 c5 4. c3 Nc6 5. Nf3 Bd7 6. Be2 Nge7 7. O-O cxd4 8. cxd4 Nf5 9. Be3 Qb6 10. Qd2 Nxe3 11. fxe3 Be7 12. Nc3 O-O 13. Kh1 f6 14. exf6 Bxf6 15. Bd3 g6 16. Na4 Qb4 17. Nc5 Qxd2 18. Nxd2 Bc8 19. Bb5 e5 20. Bxc6 bxc6 21. Nf3 e4 22.
Ne5 Bxe5 23. dxe5 Bf5 24. h3 h5 25. Nb3 Rae8 26. Rac1 Rxe5 27. Rxc6 Rb8 28. g4 hxg4 29. hxg4 Be6 30. Rf6 Bd7 31. Rxg6+ Kf7 32. Rcf6+ Ke7 33. Ra6 Rh8+ 34. Kg2 Kf7 35. Raf6+ Ke7 36. Nc5 Bxg4 37. Ra6 Bf3+ 38. Kg3 Kf7 39. Nd7 Re7 40. Raf6+ Ke8 41.
Nc5 Reh7 42. Kf4 Re7 43. Ne6 Kd7 44. Nd4 Bd1 45. Nf5 Reh7 46. Ra6 Kc8 47. Rad6 Rh1 48. Rxd5 Rf1+ 49. Ke5 Re8+ 50. Re6 Rxe6+ 51. Kxe6 Bg4 52. b4 Rf2 53. a4 Kc7 54. b5 Kb6 55. Kf6 Ka5 56. Kg5 Bxf5 57. Rxf5 Rf3 58. Re5 Rxe3 0-1